 Dungeon Crawl Stone Soup version 0.21.1-1-g345015f (webtiles) character file.

98 tidbits the Insei (level 4, 0/34 HPs)
             Began as a Gnoll Transmuter on Mar 20, 2018.
             Slain by an orc
             ... wielding a +1 flail of draining
              (4 damage)
             ... on level 5 of the Dungeon.
             The game lasted 00:04:02 (427 turns).

tidbits the Insei (Gnoll Transmuter)                 Turns: 427, Time: 00:04:03

Health: 0/34       AC:  2    Str: 14    XL:     4   Next: 71%
Magic:  4/11       EV: 23    Int: 17    God:
Gold:   25         SH:  0    Dex: 20    Spells: 7/13 levels left

rFire    . . .     SeeInvis .     - Unarmed
rCold    . . .     Gourm    .   (shield currently unavailable)
rNeg     . . .     Faith    .   (armour currently unavailable)
rPois    x         Spirit   .   (helmet currently unavailable)
rElec    .         Reflect  .   (cloak currently unavailable)
rCorr    .         Harm     .   (gloves currently unavailable)
MR       .....                  (boots currently unavailable)
Stlth    ++........             (no amulet)
HPRegen  0.11/turn              f - +2 ring of strength
MPRegen  0.12/turn              (no ring)

@: spider-form, drained
A: tiny, distributed training, strong nose
a: End Transformation


You were on level 5 of the Dungeon.
You were not hungry.
You were a venomous arachnid creature.
You visited 1 branch of the dungeon, and saw 5 of its levels.

You collected 25 gold pieces.

Inventory:

Hand Weapons
 h - a +0 dagger
Missiles
 a - 29 arrows
 l - a throwing net (quivered) {!f}
Armour
 b - a +0 robe (melded)
Jewellery
 f - a +2 ring of strength (left front leg)
   (You found it on level 1 of the Dungeon)
Wands
 n - a wand of random effects (22)
Scrolls
 e - a scroll of enchant armour {unknown}
 g - a scroll of teleportation {unknown}
 k - 4 scrolls of remove curse {unknown}
 m - a scroll of identify {unknown}
Potions
 i - 2 potions of curing {unknown}
 j - a potion of might {unknown}
Books
 c - a book of Changes

   Spells                             Type                      Level
   a - Beastly Appendage              Transmutation                1
   b - Sticks to Snakes               Transmutation                2
   c - Spider Form                    Transmutation/Poison         3
   d - Ice Form                       Ice/Transmutation            4
   e - Blade Hands                    Transmutation                5
Comestibles
 d - 3 rations


   Skills:
 + Level 2.8(2.4) Fighting
 + Level 1.2(0.8) Short Blades
 + Level 1.2(0.8) Long Blades
 + Level 1.2(0.8) Axes
 + Level 1.2(0.8) Maces & Flails
 + Level 1.2(0.8) Polearms
 + Level 1.2(0.8) Staves
 + Level 1.2(0.8) Slings
 + Level 1.2(0.8) Bows
 + Level 1.2(0.8) Crossbows
 + Level 1.2(0.8) Throwing
 + Level 1.2(0.8) Armour
 + Level 4.6(4.3) Dodging
 + Level 1.2(0.8) Stealth
 + Level 1.2(0.8) Shields
 + Level 6.6(6.2) Unarmed Combat
 + Level 5.1(4.7) Spellcasting
 + Level 1.0(0.6) Conjurations
 + Level 1.0(0.6) Hexes
 + Level 1.0(0.6) Charms
 + Level 1.0(0.6) Summonings
 + Level 1.0(0.6) Necromancy
 + Level 1.0(0.6) Translocations
 + Level 3.8(3.5) Transmutations
 + Level 1.0(0.6) Fire Magic
 + Level 1.0(0.6) Ice Magic
 + Level 1.0(0.6) Air Magic
 + Level 1.0(0.6) Earth Magic
 + Level 1.0(0.6) Poison Magic
 + Level 1.3(1.0) Invocations
 + Level 1.2(0.8) Evocations


You had 7 spell levels left.
You knew the following spells:

 Your Spells              Type           Power        Failure   Level  Hunger
e - Beastly Appendage     Tmut           ###...       11%         1    None
k - Sticks to Snakes      Tmut           ###.....     14%         2    #......
p - Spider Form           Tmut/Pois      ##........   38%         3    ###....


Dungeon Overview and Level Annotations

Branches:
Dungeon (5/15)
 Temple: D:4-7

Altars:
Yredelemnul

Annotations:
D:3 1 runed door


Innate Abilities, Weirdness & Mutations

Your experience applies equally to all skills.
((You have very sharp teeth.))
Your uncanny sense of smell can sniff out nearby items.


Message History

The goblin shouts!
The ooze quivers.
You hear a shout! x3
The ooze jiggles.
The goblin moves out of view.
Found a scroll labeled XADIHA EWICH.
Found a stone staircase leading down. 2 goblins come into view.
The goblin moves out of view.
There is a stone staircase leading up here.
Casting: Spider Form
Confirm with . or Enter, or press ? or * to list all spells.
You turn into a venomous arachnid creature.
Your +0 robe melds into your body.
You bite the ooze!
The ooze looks as sick as possible!
The ooze is severely wounded.
You kill the ooze!
Your Conjurations skill increases to level 1!
Your Hexes skill increases to level 1!
Your Charms skill increases to level 1!
Your Summonings skill increases to level 1!
Your Necromancy skill increases to level 1!
Your Translocations skill increases to level 1!
Your Fire Magic skill increases to level 1!
Your Ice Magic skill increases to level 1!
Your Air Magic skill increases to level 1!
Your Earth Magic skill increases to level 1!
Your Poison Magic skill increases to level 1!
Your transformation is almost over.
Unknown command.
You bite the goblin!
You kill the goblin!
Your transformation has ended.
Your +0 robe unmelds from your body.
Found 13 gold pieces.
You see here 13 gold pieces.
You now have 25 gold pieces (gained 13).
You see here a scroll labeled XADIHA EWICH.
m - a scroll labeled XADIHA EWICH
There is a stone staircase leading down here.
You climb downwards.
A worker ant, 2 giant cockroaches and an ogre come into view.
There is a stone staircase leading up here.
Unknown command.
The worker ant twitches its antennae in your direction.
The giant cockroach misses you.
You climb upwards.
There is a stone staircase leading down here.
Unknown command.
Casting: Spider Form
Confirm with . or Enter, or press ? or * to list all spells.
You turn into a venomous arachnid creature.
Your +0 robe melds into your body.
The giant cockroach misses you.
Unknown command.
You hit the giant cockroach.
The giant cockroach is poisoned.
The giant cockroach is moderately wounded.
The giant cockroach misses you.
You kill the giant cockroach!
There is a stone staircase leading down here.
You climb downwards.
Found a ration, a robe, a glowing ivory wand and 12 gold pieces.
There is a stone staircase leading up here.
Unknown command.
Your transformation is almost over.
You see here a ration.
d - 3 rations (gained 1)
There is a stone staircase leading up here.
An orc comes into view. It is wielding a dagger.
An orc comes into view. It is wielding a flail of draining.
The orc shouts!
Found a potion of agility.
A centaur comes into view.
The centaur shouts!
You hear a shout!
The centaur wields a shortbow.
The centaur shoots an arrow.
The arrow closely misses you.
The centaur shoots an arrow.
The arrow closely misses you.
An orc comes into view. It is wielding a mace.
You see here a wand of random effects (22).
n - a wand of random effects (22)
The orc moves out of view.
The centaur shoots an arrow.
The arrow completely misses you.
Your transformation has ended.
Your +0 robe unmelds from your body.
The centaur shoots an arrow.
The arrow hits you!
* * * LOW HITPOINT WARNING * * *
You see here an arrow.
Casting: Spider Form
Confirm with . or Enter, or press ? or * to list all spells.
You turn into a venomous arachnid creature.
Your +0 robe melds into your body.
The orc misses you.
Unknown command.
You hit the centaur but do no damage.
The centaur is poisoned.
The centaur unwields an uncursed shortbow.
The centaur barely misses you.
Casting: Spider Form
Confirm with . or Enter, or press ? or * to list all spells.
You create a snake!
You now have 29 arrows.
The centaur misses you.
The orc hits you with a flail of draining!
* * * LOW HITPOINT WARNING * * *
You feel drained.
You die...

#.....# #.....# ..
#.....# ... #.....#
##.....###.....o
......$......o. o..
.#.....#...co# ....
.......#...os#....#
.......#...S......#
.......#........##..
#.................
#.##..<##(....###.#
#...##........ .
#[..##.#.#####
...........#
##.#...##..##


You could see a centaur, 3 orcs and a friendly ball python.

Vanquished Creatures
  A human skeleton (D:3)
  3 gnolls (D:3)
  An ooze (D:4)
  A worm (D:3)
  3 dart slugs
  5 orcs (D:3)
  A bat (D:1)
  2 giant cockroaches
  3 hobgoblins (D:2)
  2 jackals (D:1)
  A ball python (D:3)
  A frilled lizard (D:1)
  2 goblins
  A kobold (D:3)
  A kobold zombie (D:3)
28 creatures vanquished.

Notes
Turn   | Place    | Note
-------+----------+-------------------------------------------
     0 | D:1      | tidbits the Gnoll Transmuter began the quest for the Orb.
     0 | D:1      | Reached XP level 1. HP: 17/17 MP: 6/6
     2 | D:1      | Noticed an electric eel
    38 | D:2      | Reached XP level 2. HP: 23/23 MP: 5/7
    58 | D:1      | Learned a level 2 spell: Sticks to Snakes
   104 | D:2      | Found a faded altar of an unknown god.
   208 | D:3      | Reached skill level 5 in Spellcasting
   208 | D:3      | Reached XP level 3. HP: 18/28 MP: 6/9
   217 | D:3      | Learned a level 3 spell: Spider Form
   231 | D:3      | Reached skill level 1 in Invocations
   238 | D:3      | Reached skill level 1 in Short Blades
   238 | D:3      | Reached skill level 1 in Long Blades
   238 | D:3      | Reached skill level 1 in Axes
   238 | D:3      | Reached skill level 1 in Maces & Flails
   238 | D:3      | Reached skill level 1 in Polearms
   238 | D:3      | Reached skill level 1 in Staves
   238 | D:3      | Reached skill level 1 in Slings
   238 | D:3      | Reached skill level 1 in Bows
   238 | D:3      | Reached skill level 1 in Crossbows
   238 | D:3      | Reached skill level 1 in Throwing
   238 | D:3      | Reached skill level 1 in Armour
   238 | D:3      | Reached skill level 1 in Stealth
   238 | D:3      | Reached skill level 1 in Shields
   238 | D:3      | Reached skill level 1 in Evocations
   275 | D:3      | Found a runed door.
   275 | D:3      | Noticed a human
   281 | D:3      | Found a basalt altar of Yredelemnul.
   300 | D:3      | Reached XP level 4. HP: 11/34 MP: 3/11
   371 | D:4      | Reached skill level 1 in Conjurations
   371 | D:4      | Reached skill level 1 in Hexes
   371 | D:4      | Reached skill level 1 in Charms
   371 | D:4      | Reached skill level 1 in Summonings
   371 | D:4      | Reached skill level 1 in Necromancy
   371 | D:4      | Reached skill level 1 in Translocations
   371 | D:4      | Reached skill level 1 in Fire Magic
   371 | D:4      | Reached skill level 1 in Ice Magic
   371 | D:4      | Reached skill level 1 in Air Magic
   371 | D:4      | Reached skill level 1 in Earth Magic
   371 | D:4      | Reached skill level 1 in Poison Magic
   402 | D:5      | Entered Level 5 of the Dungeon
   402 | D:5      | Noticed an ogre
   421 | D:5      | Noticed a centaur
   427 | D:5      | Slain by an orc

Skill      XL: |  1  2  3  4 |
---------------+-------------+-----
Spellcasting   | 5 |  5.1
Invocations    | 1 |  1.3
Short Blades   | 1 |  1.2
Long Blades    | 1 |  1.2
Axes           | 1 |  1.2
Maces & Flails | 1 |  1.2
Polearms       | 1 |  1.2
Staves         | 1 |  1.2
Slings         | 1 |  1.2
Bows           | 1 |  1.2
Crossbows      | 1 |  1.2
Throwing       | 1 |  1.2
Armour         | 1 |  1.2
Stealth        | 1 |  1.2
Shields        | 1 |  1.2
Evocations     | 1 |  1.2
Conjurations   | 1 |  1.0
Hexes          | 1 |  1.0
Charms         | 1 |  1.0
Summonings     | 1 |  1.0
Necromancy     | 1 |  1.0
Translocations | 1 |  1.0
Fire Magic     | 1 |  1.0
Ice Magic      | 1 |  1.0
Air Magic      | 1 |  1.0
Earth Magic    | 1 |  1.0
Poison Magic   | 1 |  1.0
Fighting       | |  2.8
Dodging        | |  4.6
Unarmed Combat | |  6.6
Transmutations | |  3.8

Action                   |  1- 3 |  4- 6 || total
-------------------------+-------+-------++-------
Melee: Unarmed           |    55 |    14 ||    69
       Kick              |     5 |       ||     5
       Punch             |     1 |       ||     1
       Bite              |     3 |       ||     3
       Headbutt          |     1 |       ||     1
 Cast: Beastly Appendage |     9 |       ||     9
       Spider Form       |     3 |     4 ||     7
       Sticks to Snakes  |       |     1 ||     1
 Stab: Sleeping          |     1 |       ||     1
Armor: Robe              |     1 |       ||     1
       Skin              |     1 |       ||     1
Dodge: Dodged            |    26 |    12 ||    38

Table legend:
 A = Turns spent in this place as a percentage of turns spent in the entire game.
 B = Non-inter-level travel turns spent in this place as a percentage of non-inter-level travel turns spent in the entire game.
 C = Inter-level travel turns spent in this place as a percentage of turns spent in this place.
 D = Turns resting spent in this place as a percentage of non-inter-level travel turns spent in this place.
 E = Turns spent auto-exploring this place as a percentage of non-inter-level travel turns spent in this place.
 F = Non-inter-level travel turns spent in this place divided by the number of levels of this place that you've seen.
                   A       B       C       D       E      F
               +-------+-------+-------+-------+-------+----------------------
         Total | 100.0 | 100.0 |   0.0 |   0.0 |   0.0 |  85.4
       Dungeon | 100.0 | 100.0 |   0.0 |   0.0 |   0.0 |  85.4
               +-------+-------+-------+-------+-------+----------------------

Table legend:
 A = Kills in this place as a percentage of kills in entire the game.
 B = Kills by you in this place as a percentage of kills by you in the entire game.
 C = Kills by friends in this place as a percentage of kills by friends in the entire game.
 D = Other kills in this place as a percentage of other kills in the entire game.
 E = Experience gained in this place as a percentage of experience gained in the entire game.
 F = Experience gained in this place divided by the number of levels of this place that you have seen.
                   A       B       C       D       E      F
               +-------+-------+-------+-------+-------+----------------------
         Total | 100.0 | 100.0 |   N/A |   N/A | 100.0 |  28.2
       Dungeon | 100.0 | 100.0 |   N/A |   N/A | 100.0 |  28.2
               +-------+-------+-------+-------+-------+----------------------

Vault maps used:
D:1:      arrival_aquarium_a
D:2:      fedhas_altar_1, chequers_ecumenical_altar_island,
          okawaru_altar_gauntlet_db
D:3:      dk_yredelemnul_ordeal
D:4:      kennysheep_ying_yang, minmay_temple_entry_large_hall, first_ration,
          uniq_duvessa, uniq_menkaure, uniq_robin, uniq_pikel
D:5:      black_bear_nest_1, gammafunk_temple_overflow_wave,
          grunt_ministairs_12, sigmund_army
